 Dungeon Crawl Stone Soup version 0.30-a0-857-gcaf70739d4 (webtiles) character file.

Game seed: 6803874435798680560

60 Esekla the Sneak (level 4, 31/31 HPs)
             Began as an Octopode Delver on Mar 6, 2023.
             Quit the game on level 5 of the Dungeon.
             The game lasted 00:00:44 (69 turns).

Esekla the Sneak (Octopode Delver)                    Turns: 69, Time: 00:00:44

Health: 31/31      AC:  1    Str: 11    XL:     4   Next: 6%
Magic:  5/5        EV: 13    Int: 14    God:
Gold:   0          SH:  0    Dex: 13    Spells: 5/5 levels left

rFire   . . .      SeeInvis .    a - +0 falchion
rCold   . . .      Faith    .    (no shield)
rNeg    . . .      Spirit   .    (helmet restricted)
rPois   .          Reflect  .    (no amulet)
rElec   .          Rampage  .    (no ring)
rCorr   .                        (no ring)
Will    .....                    (no ring)
Stlth   +++++                    (no ring)
HPRegen 0.25/turn                (no ring)
MPRegen 0.09/turn                (no ring)
                                 (no ring)
                                 (no ring)

@: no status effects
A: almost no armour, amphibious, 8 rings, camouflage 1, gelatinous body 1,
(nimble swimmer 1), tentacles
a: no special abilities


You were on level 5 of the Dungeon.
You visited 1 branch of the dungeon, and saw 1 of its levels.

Inventory:

Hand Weapons
 a - a +0 falchion (weapon)
Wands
 f - a wand of digging (3)
Scrolls
 b - a scroll of fog
 d - a scroll of fear
Potions
 e - a potion of haste


   Skills:
 * Level 3.3 Fighting
 * Level 2.3 Long Blades
 * Level 2.4 Dodging
 + Level 7.4 Stealth
 * Level 1.0 Spellcasting


You had 5 spell levels left.
You didn't know any spells.
Your spell library was empty.

Dungeon Overview and Level Annotations

Branches:
Dungeon (5/15)
 Temple: D:4-7

Altars:

Portals:
Sewer: D:5


Innate Abilities, Weirdness & Mutations

You cannot wear most types of armour.
You are amphibious.
You can wear up to eight rings at the same time.
Your skin changes colour to match your surroundings (Stealth+).
Your rubbery body absorbs attacks. (AC +1, EV +1)
((You are camouflaged when in or above water. (Stealth+)))
You have tentacles for arms and can constrict up to eight enemies at once.


Message History

You hear the sound of rushing water.
There is an entrance to a sewer on this level.
Hurry and find it before the portal rusts away!
Welcome, Esekla the Octopode Delver.
If you return without finding the Orb of Zot, so far below, it's all over!
Press ? for a list of commands and other information.
Found a stone staircase leading down.
A scorpion comes into view.
A howler monkey comes into view.
Found a green potion.
As you read the scroll of magic mapping, it crumbles to dust.
You feel aware of your surroundings.
You sensed 1 shop/portal.
Okay, then.
You completely miss the scorpion. You grab the scorpion.
You constrict the scorpion, but do no damage.
The scorpion closely misses you.
You slash the scorpion!
The scorpion is moderately wounded.
You constrict the scorpion, but do no damage.
The scorpion stings you. The scorpion barely misses you.
You hit the scorpion. Your squeeze misses the scorpion.
The scorpion is heavily wounded.
You constrict the scorpion. The scorpion barely misses you.
You hit the scorpion. You squeeze the scorpion!
You kill the scorpion!
Your Stealth skill increases to level 7!
Your Spellcasting skill increases to level 1!
You have reached level 2!
You have reached level 3!
Your experience leads to an increase in your attributes!
Increase (S)trength, (I)ntelligence, or (D)exterity?
You feel clever. x2
You have reached level 4!
You start resting.
HP restored.
You start resting.
You hear the slow rusting of a distant drain.
Found a glowing drain.
Are you sure you want to abandon this character and quit the game? (Confirm with "yes".)

*,,,,,* #.....#,,,*,,,,,,*,
*,,,,,* #.....#,,,*,,,,,,*,
*,,,,,* #.....#,,,*,,,,,,*,
*,,,,,* #.....#,,,*,,,,,,*,
*,,,,,* #.....#,,,*,,,,,,*,
*,,,,,* #.....#,,,*,,,,,,*,
*,,,,,* #.....#,,,*,,,,,,*,
*,,,,,* #.....#,,,*,,,,,,*,
*,,,..#####.@...#,,,*,,,,,,*,
*,,,............#,,,*,,,,,,*,
*,,,............+,,,*,,,,,,+,
*,,,............#,,,*,,,,,,*,
*,,,............#,,,*,,,,,,*,
*,,,....#####...#,,,*,,,,,,*,
*,,,....#~~~#...#,,,*,,,,,,*,
*,,,....#~~S#...#,,,*,,,,,,*,
*,,,....#~∩~#...#****,,,,,,*,


You could see an adder (asleep).

Vanquished Creatures
  A scorpion (D:5)
1 creature vanquished.

Notes
Turn   | Place    | Note
-------+----------+-------------------------------------------
     0 | D:5      | Esekla the Octopode Delver began the quest for the Orb.
     0 | D:5      | Reached XP level 1. HP: 16/16 MP: 1/1
     2 | D:5      | Noticed a scorpion
     3 | D:5      | Noticed a howler monkey
    11 | D:5      | Killed a scorpion
    12 | D:5      | Reached skill level 7 in Stealth
    12 | D:5      | Reached skill level 1 in Spellcasting
    12 | D:5      | Reached XP level 2. HP: 19/21 MP: 1/3
    12 | D:5      | Reached XP level 3. HP: 24/26 MP: 1/4
    12 | D:5      | Reached XP level 4. HP: 28/31 MP: 1/5
    67 | D:5      | Found a glowing drain.
    69 | D:5      | Quit the game

Illustrated notes

Levels and vault maps discovered:
D:5:      layout_gridville, gup_sewer_entry_glass, grunt_ministairs_10

Skill      XL: |  1 |
---------------+----+-----
Stealth        | 7 |  7.4
Spellcasting   | 1 |  1.0
Fighting       | |  3.3
Long Blades    | |  2.3
Dodging        | |  2.4

Action                     |  1- 3 |  4- 6 || total
---------------------------+-------+-------++-------
  Melee: Falchion          |     4 |       ||     4
         Constrict         |     1 |       ||     1
         Tentacles         |     1 |       ||     1
    Use: Scroll            |     1 |       ||     1
  Dodge: Dodged            |     3 |       ||     3

Table legend: (Time is in decaauts)
 A = Elapsed time spent in this place.
 B = Non-inter-level travel time spent in this place.
 C = Inter-level travel time spent in this place.
 D = Time resting spent in this place.
 E = Time spent auto-exploring this place.
 F = Levels seen in this place.
 G = Mean time per level.
                   A        B        C        D        E       F      G
               +--------+--------+--------+--------+--------+-----+--------+
         Total |     69 |     69 |      0 |     32 |      0 |   1 |   69.0 |
       Dungeon |     69 |     69 |      0 |     32 |      0 |   1 |   69.0 |
               +--------+--------+--------+--------+--------+-----+--------+

Top non-repeatable levels by time:
     D:5: 69 daAuts
